 Dungeon Crawl Stone Soup version 0.31-a0-237-g2d982f9f85 (webtiles) character file.

Game seed: 13125126210014243021

532 qw the Shooter (level 7, -1/59 HPs)
             Began as a Minotaur Hexslinger on July 11, 2023.
             Slain by a mummy (6 damage)
             ... in an ossuary.
             The game lasted 00:01:32 (3134 turns).

qw the Shooter (Minotaur Hexslinger)                Turns: 3134, Time: 00:01:32

Health: -1/59      AC:  6    Str: 12    XL:     7   Next: 4%
Magic:  7/7        EV: 13    Int: 10    God:
Gold:   182        SH:  0    Dex: 21    Spells: 7/8 levels left

rFire   . . .        Y - +0 shortbow
rCold   . . .        (shield currently unavailable)
rNeg    . . .        i - +0 robe of the Villain {Contam rPois rCorr}
rPois   +            (helmet restricted)
rElec   .            (no cloak)
rCorr   +            (no gloves)
SInv    .            (no boots)
Will    .....        (no amulet)
Stlth   ++           e - +6 ring of dexterity
HPRegen 0.29/turn    k - +4 ring of protection
MPRegen 0.10/turn

%: no passive effects
@: no status effects
A: horns 2, retaliatory headbutt
a: no special abilities


You were in an ossuary.
You visited 1 branch of the dungeon, and saw 4 of its levels.
You also visited: Ossuary.

You collected 182 gold pieces.


Innate Abilities, Weirdness & Mutations

You have a pair of horns on your head.
You reflexively headbutt those who attack you in melee.


   Skills:
 - Level 4.0 Fighting
 + Level 6.7 Ranged Weapons
 - Level 2.9 Armour
 - Level 3.0 Dodging
 - Level 1.0 Spellcasting
 - Level 2.0 Hexes


You had 7 spell levels left.
You knew the following spells:

 Your Spells              Type           Power      Damage    Failure   Level
a - Slow                  Hex            16%        N/A       16%         1

Your spell library contained the following spells:

 Spells                   Type           Power      Damage    Failure   Level
 Inner Flame              Hex/Fire       2%         N/A       56%         3
 Portal Projectile        Hex/Tloc       4%         N/A       56%         3
 Cause Fear               Hex            2%         N/A       83%         4

Inventory:

Hand Weapons
 Y - a +0 shortbow (weapon)
Armour
 b - a +0 ring mail
 i - the +0 robe of the Villain (worn) {Contam rPois rCorr}
   (You found it on level 3 of the Dungeon)

   rPois:     It protects you from poison.
   Contam:    It causes magical contamination when unequipped.
   rCorr:     It protects you from acid and corrosion.
Jewellery
 e - a +6 ring of dexterity (left hand)
 k - a +4 ring of protection (right hand)
 m - a ring of poison resistance
Potions
 d - 3 potions of might
 f - a potion of mutation {unknown}
 g - a potion of curing
 j - a potion of ambrosia {unknown}

Dungeon Overview and Level Annotations

Branches:
Dungeon (4/15)             Temple (0/1) D:4         Ossuary (1/1)

Altars:
Ashenzari
Fedhas
Hepliaklqana
Qazlal
Uskayaw
Wu Jian
The Shining One

Annotations:
D:3 3 runed translucent doors, qw's ghost, amateur MiHs


Message History

You destroy the mummy!
The orc zombie barely misses you. The mummy hits you!
You shoot an arrow. The arrow hits the orc zombie!
You destroy the orc zombie!
You shoot an arrow. The arrow hits the mummy.
The mummy is moderately damaged.
The mummy hits you but does no damage.
You shoot an arrow.
The arrow hits the mummy but does no damage.
The mummy is moderately damaged.
You shoot an arrow. The arrow hits the mummy!
The mummy is severely damaged.
The mummy hits you but does no damage.
You shoot an arrow.
The arrow hits the mummy but does no damage.
The mummy is severely damaged.
The mummy closely misses you.
You shoot an arrow.
The arrow hits the mummy but does no damage.
The mummy is severely damaged.
You shoot an arrow. The arrow hits the mummy.
The mummy is severely damaged.
The mummy misses you.
You shoot an arrow. The arrow hits the mummy.
The mummy is almost destroyed.
The mummy hits you!
You shoot an arrow. The arrow hits the mummy.
The mummy is almost destroyed.
You shoot an arrow. The arrow barely misses the mummy.
The mummy closely misses you.
You shoot an arrow. The arrow barely misses the mummy.
The mummy barely misses you.
You shoot an arrow.
The arrow hits the mummy but does no damage.
The mummy is almost destroyed.
You shoot an arrow.
The arrow hits the mummy but does no damage.
The mummy is almost destroyed.
The mummy hits you.
You die...

...........
.........
........
......
#....#
#.Z..#
#..M.#
#.@..#
#....#
#....#
#....#
#....#
#.\\.#
######


You could see a mummy and a hobgoblin zombie.

Vanquished Creatures
  Grinder (D:3)
  A scorpion (D:3)
  A hound (D:4)
  A jelly (D:3)
  A sleepcap (D:4)
  Ijyb (D:3)
  An orc wizard (D:3)
  A mummy (Ossuary)
  2 adders
  An ufetubus (D:4)
  4 worms
  2 dart slugs
  6 orcs
  9 endoplasms
  6 giant cockroaches
  3 goblins
  4 hobgoblins
  6 quokkas
  12 ball pythons
  6 bats
  2 frilled lizards
  3 hobgoblin zombies (Ossuary)
  A jackal zombie (D:4)
  13 kobolds
  2 kobold zombies (Ossuary)
  An orc zombie (Ossuary)
  6 rats
97 creatures vanquished.

Notes
Turn   | Place    | Note
-------+----------+-------------------------------------------
     0 | D:1      | qw the Minotaur Hexslinger began the quest for the Orb.
     0 | D:1      | Reached XP level 1. HP: 16/16 MP: 1/1
     0 | D:1      | 0 ||| qw: Version: 0.3-a-52-g30416fa
     0 | D:1      | 0 ||| qw: Game counter: 5443
     0 | D:1      | 0 ||| qw: Melee chars always use a shield: true
     0 | D:1      | 0 ||| qw: God list: Okawaru
     0 | D:1      | 0 ||| qw: Allow faded altars: false
     0 | D:1      | 0 ||| qw: Do Orc after clearing Dungeon:15 true
     0 | D:1      | 0 ||| qw: Do second Lair branch before Depths: true
     0 | D:1      | 0 ||| qw: Lair rune preference: random
     0 | D:1      | 0 ||| qw: Goals: Normal
     0 | D:1      | 0 ||| PLANNING D:1-11
   150 | D:1      | Reached skill level 3 in Ranged Weapons
   150 | D:1      | Reached XP level 2. HP: 23/23 MP: 2/2
   214 | D:1      | Found a faded altar of an unknown god.
   814 | D:1      | 814 ||| READING scroll labelled LOMO LUITYIRIW.
   815 | D:1      | 815 ||| READING 2 scrolls labelled HUEMEV QIREME.
   816 | D:1      | 816 ||| READING scroll labelled ENUTWEFFOTZO.
   820 | D:1      | 820 ||| DRINKING 2 murky silvery potions.
   821 | D:1      | 821 ||| DROPPING scroll of poison.
   822 | D:1      | 822 ||| DROPPING scroll of fear.
   823 | D:1      | 823 ||| DROPPING potion of degeneration.
   915 | D:2      | Reached XP level 3. HP: 19/29 MP: 3/3
  1095 | D:2      | Reached skill level 4 in Ranged Weapons
  1628 | D:2      | 1628 ||| UPGRADING to +0 ring mail.
  1638 | D:2      | 1638 ||| DROPPING +0 robe.
  1639 | D:2      | 1639 ||| UPGRADING to +6 ring of dexterity.
  1640 | D:2      | 1640 ||| READING scroll labelled YZXO XERCHIERPHE.
  1641 | D:2      | 1641 ||| DRINKING 3 fizzy sapphire potions.
  1677 | D:3      | Reached XP level 4. HP: 36/36 MP: 4/4
  1750 | D:3      | Noticed a scorpion
  1758 | D:3      | Killed a scorpion
  1826 | D:3      | 1826 ||| Stepping ~*~*~tactically~*~*~ (outnumbered).
  1852 | D:3      | Found a stormy altar of Qazlal.
  1898 | D:3      | Found a hazy altar of Hepliaklqana.
  1904 | D:3      | Reached XP level 5. HP: 41/41 MP: 5/5
  1914 | D:3      | Found an ornate altar of the Wu Jian Council.
  1915 | D:3      | Found a broken altar of Ashenzari.
  1915 | D:3      | Found a blossoming altar of Fedhas.
  1916 | D:3      | Found a hide-covered altar of Uskayaw.
  1925 | D:3      | Found a glowing golden altar of the Shining One.
  1978 | D:3      | Noticed Grinder
  1992 | D:3      | Killed Grinder
  1993 | D:3      | Reached skill level 6 in Ranged Weapons
  1993 | D:3      | Reached XP level 6. HP: 17/48 MP: 6/6
  2018 | D:3      | 2018 ||| FLEEEEING.
  2027 | D:3      | 2027 ||| STAIRDANCE
  2101 | D:2      | 2101 ||| READING 3 scrolls labelled CELLAQO ZUA.
  2102 | D:2      | 2102 ||| DROPPING 2 scrolls of blinking.
  2118 | D:3      | 2118 ||| SWAPPING to +0 shortbow.
  2119 | D:3      | 2119 ||| DROPPING +2 sling.
  2124 | D:3      | Identified the +0 robe of the Villain {Contam rPois rCorr}
  2242 | D:3      | Found a runed translucent gate.
  2242 | D:3      | Identified the +3 leather armour of the Dragon {-Cast rN+
                  | Str+4}
  2243 | D:3      | Found a runed translucent gate.
  2243 | D:3      | Noticed qw's ghost (amateur MiHs)
  2244 | D:3      | Found a runed translucent gate.
  2383 | D:3      | Noticed Ijyb
  2397 | D:3      | HP: 10/50 [Ijyb/bolt of dispelling energy (12)]
  2398 | D:3      | Killed Ijyb
  2399 | D:3      | Reached skill level 3 in Fighting
  2757 | D:3      | 2757 ||| UPGRADING to +0 robe of the Villain {Contam rPois
                  | rCorr}.
  2767 | D:3      | 2767 ||| UPGRADING to +4 ring of protection.
  2768 | D:3      | 2768 ||| DRINKING 2 clear potions.
  2798 | D:4      | 2798 ||| PLANNING OSSUARY
  2801 | D:4      | 2801 ||| STAIRDANCE
  2894 | D:4      | Reached skill level 3 in Dodging
  2966 | D:4      | Found a staircase to the Ecumenical Temple.
  3075 | D:4      | Reached XP level 7. HP: 58/58 MP: 7/7
  3079 | D:4      | Found a sand-covered staircase.
  3080 | D:4      | 3080 ||| READING scroll labelled TEPLIF NUATI.
  3081 | D:4      | 3081 ||| DRINKING 2 golden potions.
  3082 | D:4      | 3082 ||| DROPPING potion of attraction.
  3093 | Ossuary  | Entered an ossuary
  3115 | Ossuary  | HP: 14/59 [mummy (7)]
  3116 | Ossuary  | 3116 ||| DRINKING potion of heal wounds.
  3129 | Ossuary  | HP: 4/59 [mummy (16)]
  3134 | Ossuary  | Slain by a mummy

Levels and vault maps discovered:
D:1:      dpeg_arrival_round_b, layout_loops_cross,
          nicolae_ecumenical_snake_handling, dk_noncrumbling_3
D:2:      layout_basic
D:3:      layout_loops_cross, grunt_temple_overflow_open,
          overflow_temple_1_default, biasface_ghost_orc_armoury, minmay_between,
          uniq_grinder, uniq_ijyb
D:4:      layout_basic, minmay_temple_entry_junction, serial_glass,
          glass_columns_a, glass_columns_b, enter_ossuary_3,
          minmay_statues_item, kennysheep_small_circle
Ossuary:  ossuary_tomb_3

Skill      XL: |  1  2  3  4  5  6  7 |
---------------+----------------------+-----
Ranged Weapons | 3 4 6 |  6.7
Fighting       | 2 3 4 |  4.0
Armour         | 2 |  2.9
Dodging        | 3 |  3.0
Spellcasting   | |  1.0
Hexes          | |  2.0

Action                     |  1- 3 |  4- 6 |  7- 9 || total
---------------------------+-------+-------+-------++-------
   Fire: Sling             |   149 |    72 |       ||   221
         Shortbow          |       |   107 |    39 ||   146
    Use: Scroll            |     4 |     1 |     1 ||     6
         Potion            |     2 |     1 |     2 ||     5
 Armour: Robe              |    10 |    12 |    10 ||    32
         Ring mail         |       |    21 |       ||    21
  Dodge: Dodged            |    32 |    40 |    20 ||    92

Table legend:
 A = Non-vault XP
 B = Vault XP
 C = Vault XP percentage of total XP
 D = Non-vault monster count
 E = Vault monster count
 F = Vault count percentage of total count
                 A         B        C        D         E       F
            +---------+---------+-------+---------+---------+-------
      Total |     413 |     348 |  45.7 |      81 |      16 |  16.5
            +---------+---------+-------+---------+---------+-------
        D:1 |      31 |       6 |  16.2 |      19 |       4 |  17.4
        D:2 |      59 |       0 |   0.0 |      24 |       0 |   0.0
        D:3 |     203 |     317 |  61.0 |      27 |       4 |  12.9
        D:4 |     120 |       1 |   0.8 |      11 |       1 |   8.3
    Ossuary |       0 |      24 | 100.0 |       0 |       7 | 100.0
            +---------+---------+-------+---------+---------+-------
